 Seeded DCSS version 0.27.1-34-g3ba077fa99 (webtiles) character file.

Game seed: 11791701998605686111 (custom seed)

218 voltaire321 the Covered (level 5, -2/34 HPs)
             Began as a Gargoyle Fighter on Jan 9, 2022.
             Killed from afar by Jessica (6 damage)
             ... with a puff of flame
             ... on level 2 of the Dungeon.
             The game lasted 00:03:39 (1720 turns).

voltaire321 the Covered (Gargoyle Fighter)          Turns: 1720, Time: 00:03:39

Health: -2/34      AC: 11    Str: 20    XL:     5   Next: 95%
Magic:  5/5        EV:  7    Int:  9    God:
Gold:   86         SH:  9    Dex:  9    Spells: 4/4 levels left

rFire    . . .     SeeInvis .   a - +0 flail
rCold    . . .     Faith    .   c - +0 kite shield
rNeg     + . .     Spirit   .   b - +0 scale mail
rPois    ∞         Reflect  .   (no helmet)
rElec    +         Harm     .   (no cloak)
rCorr    .         Rampage  .   (no gloves)
Will     +....                  (no boots)
Stlth    ..........             (no amulet)
HPRegen  0.11/turn              g - ring of willpower
MPRegen  0.09/turn              (no ring)

@: no status effects
A: sickness immunity, AC +4, negative energy resistance 1, electricity
resistance, torment resistance 1, petrification resistance
a: no special abilities


You were on level 2 of the Dungeon.
You visited 1 branch of the dungeon, and saw 2 of its levels.

You collected 86 gold pieces.

Inventory:

Hand Weapons
 a - a +0 flail (weapon)
Armour
 b - a +0 scale mail (worn)
 c - a +0 kite shield (worn)
Jewellery
 g - a ring of willpower (left hand)
Wands
 l - a wand of mindburst (9)
Scrolls
 e - a scroll of magic mapping {unknown}
 f - 2 scrolls of identify {unknown}
 h - a scroll of fear {unknown}
 k - a scroll of amnesia {unknown}
Potions
 d - a potion of attraction {unknown}
 i - a potion of berserk rage {unknown}
 j - a potion of curing {unknown}


   Skills:
 + Level 4.5 Fighting
 + Level 3.4 Maces & Flails
 + Level 4.5 Armour
 + Level 4.4 Shields


You had 4 spell levels left.
You didn't know any spells.
Your spell library was empty.

Dungeon Overview and Level Annotations

Branches:
Dungeon (2/15)

Altars:

Annotations:
D:2 Jessica


Innate Abilities, Weirdness & Mutations

You are immune to sickness and miasma.
Your stone body is resilient. (AC +4)
You are immune to poison.
You resist negative energy. (rN+)
You are resistant to electric shocks. (rElec)
You are resistant to unholy torment.
You are immune to petrification.


Message History

Jessica zaps a wand.
The puff of flame hits you but does no damage.
You block the scorpion's attack. Jessica casts a spell at you.
You are unaffected.
Jessica hits you but does no damage.
Jessica gestures wildly while chanting.
Jessica blinks!
You block Jessica's attack. Jessica hits you with a +0 club.
The scorpion stings you but does no damage.
Jessica barely misses you. Jessica gestures at you while chanting.
You resist with some effort.
Jessica looks very angry.
Jessica zaps a wand.
The puff of flame hits you but does no damage.
Your shield and scale mail prevent you from hitting Jessica.
Jessica hits you but does no damage.
Jessica gestures wildly while chanting.
Jessica blinks!
The scorpion stings you.
* * * LOW HITPOINT WARNING * * *
Jessica casts a spell.
Jessica blinks!
The scorpion stings you.
* * * LOW HITPOINT WARNING * * *
You see here a +0 club.
Jessica mumbles some strange words.
Jessica blinks!
You block the scorpion's attack. Jessica gestures at you while chanting.
You resist with some effort. Jessica hits you but does no damage.
Jessica closely misses you.
There is a stone staircase leading up here.
Jessica is no longer moving quickly.
Jessica shouts, "Stop bothering me, or I'll kill you!"
Jessica gestures wildly while chanting.
Jessica blinks!
The scorpion stings you.
* * * LOW HITPOINT WARNING * * *
Jessica zaps a wand.
The puff of flame hits you.
You die...

#.......... ##.........
##.....#.. #######.# #.. ###
############# #
##.....#.....## #
##..........@§.##
#............s..#############
#.......@.....)...)..........
#...............###.#########
#...............# #...)######
#...............# ####.......
#...............# #.....)..
##.............## #........
##.....#.....#######........


You could see a scorpion and Jessica.

Vanquished Creatures
  Sigmund (D:2)
  An adder (D:2)
  2 worms (D:2)
  3 dart slugs (D:2)
  3 ball pythons (D:1)
  3 endoplasms
  3 giant cockroaches (D:2)
  7 goblins
  2 hobgoblins
  4 jackals (D:1)
  2 kobolds (D:1)
  2 quokkas (D:1)
  A bat (D:1)
  A frilled lizard (D:1)
  A rat (D:1)
36 creatures vanquished.

Notes
Turn   | Place    | Note
-------+----------+-------------------------------------------
     0 | D:1      | voltaire321 the Gargoyle Fighter began the quest for the
                  | Orb.
     0 | D:1      | Reached XP level 1. HP: 14/14 MP: 1/1
   214 | D:1      | Reached XP level 2. HP: 19/19 MP: 2/2
  1204 | D:2      | Reached XP level 3. HP: 23/23 MP: 3/3
  1334 | D:2      | Noticed Sigmund
  1344 | D:2      | Found a faded altar of an unknown god.
  1426 | D:2      | Killed Sigmund
  1427 | D:2      | Reached XP level 4. HP: 21/30 MP: 4/4
  1427 | D:2      | Reached XP level 5. HP: 23/34 MP: 5/5
  1673 | D:2      | Noticed Jessica
  1720 | D:2      | Killed from afar by Jessica

Illustrated notes

Levels and vault maps discovered:
D:1:      pf_arrival_petrified_forest, layout_basic
D:2:      layout_rooms, basic_ecumenical_altar, grunt_ministairs_10,
          uniq_sigmund, uniq_jessica

Skill      XL: |  1  2  3 |
---------------+----------+-----
Fighting       | 4 |  4.5
Maces & Flails | 3 |  3.4
Armour         | 4 |  4.5
Shields        | 4 |  4.4

Action                   |  1- 3 |  4- 6 || total
-------------------------+-------+-------++-------
Melee: Flail             |   114 |    17 ||   131
  Use: Potion            |     1 |       ||     1
Armor: Scale mail        |    68 |    14 ||    82
Dodge: Dodged            |    56 |     8 ||    64
Block: Kite shield       |    84 |    12 ||    96
